AoeStats
← Alexmason

Arena

509173507Analyzed
2v2 RM · 8d ago on Sep 25, 2026· 62m 1s· 4 players
Game mode
Random Map
Map size
Medium (4 player)
Population
200
Speed
Normal
Resources
Standard
Victory
Conquest
Starting age
Dark Age
Ending age
Imperial Age
RankedLock teamsTeams togetherTeam positionsShared explorationLock speedFull tech treeHidden civsTurbo modeCheats
Victory
Defeat
🇨🇱 Lithuanians · Chile
855
+16
🇨🇱 Cumans · Chile
835
+17
🇹🇷 Burgundians · Türkiye
903
-19
🇹🇷 Huns · Türkiye
798
-14
jimyyyy
11:18 Feudal Age
13:07 Horse Collar
14:00 Double-Bit Axe
15:50 Wheelbarrow
18:12 Forging
21:08 Loom
25:16 Castle Age
27:16 Stone Mining
29:04 Bow Saw
32:07 Bloodlines
31:19 Light Cavalry
32:35 Heavy Plow
34:14 Hand Cart
35:46 Caravan
38:15 Scale Mail Armor
43:03 Gold Mining
44:40 Gold Shaft Mining
43:51 Pikeman
44:32 Squires
45:10 Chain Mail Armor
47:44 Iron Casting
47:17 Scale Barding Armor
52:17 Imperial Age
53:23 Halberdier
54:18 Cavalier
56:40 Paladin
63:31 Chemistry
Alexmason
7:22 Loom
10:38 Feudal Age
11:04 Double-Bit Axe
10:59 Horse Collar
19:23 Castle Age
18:05 Stone Mining
18:12 Gold Mining
20:27 Bow Saw
20:17 Heavy Plow
21:45 Fervor
26:00 Bloodlines
25:51 Husbandry
27:34 Stone Shaft Mining
29:25 Thumb Ring
30:36 Pikeman
35:50 Imperial Age
34:07 Scale Barding Armor
34:04 Padded Archer Armor
35:37 Wheelbarrow
37:52 Conscription
36:54 Elite Leitis
39:28 Fletching
39:53 Leather Archer Armor
39:59 Chain Barding Armor
41:15 Masonry
42:06 Chemistry
41:28 Ballistics
42:33 Hand Cart
42:43 Scale Mail Armor
42:53 Forging
44:21 Tower Shields
44:43 Chain Mail Armor
47:13 Halberdier
47:41 Capped Ram
50:58 Two-Man Saw
52:28 Squires
52:13 Arson
54:47 Iron Casting
54:47 Plate Barding Armor
54:08 Bodkin Arrow
54:44 Ring Archer Armor
55:10 Man-at-Arms
57:31 Long Swordsman
57:43 Elite Skirmisher
FETALDNATESTİ
12:49 Feudal Age
11:06 Loom
13:17 Double-Bit Axe
20:01 Castle Age
18:09 Man-at-Arms
21:43 Fletching
23:52 Bodkin Arrow
23:51 Gold Mining
25:59 Wheelbarrow
25:34 Long Swordsman
32:31 Imperial Age
33:12 Bracer
34:53 Hand Cart
41:48 Cavalier
42:38 Husbandry
42:49 Scale Barding Armor
42:45 Scale Mail Armor
42:46 Padded Archer Armor
42:57 Forging
43:14 Elite Skirmisher
44:52 Chain Mail Armor
44:42 Pikeman
53:25 Halberdier
54:07 Squires
55:35 Leather Archer Armor
55:55 Iron Casting
55:42 Chain Barding Armor
57:09 Chemistry
bıyık
12:08 Feudal Age
10:23 Loom
16:54 Castle Age
18:24 Fletching
29:58 Bodkin Arrow
32:04 Pikeman
36:25 Burgundian Vineyards
37:25 Elite Skirmisher
41:18 Imperial Age
41:03 Double-Bit Axe
41:02 Horse Collar
43:39 Chemistry
42:59 Ballistics
42:52 Masonry
42:22 Halberdier
43:02 Squires
42:47 Arson
43:20 Bracer
43:20 Padded Archer Armor
45:02 Wheelbarrow
44:21 Gold Mining
44:55 Bow Saw
44:47 Heavy Plow
45:18 Leather Archer Armor
46:56 Architecture
46:33 Scale Mail Armor
46:43 Forging
46:33 Man-at-Arms
54:25 Gold Shaft Mining
53:41 Stone Mining
54:52 Two-Man Saw
54:12 Hand Cart
54:28 Crop Rotation
54:16 Chain Mail Armor
54:13 Forging
60:57 Iron Casting
60:52 Plate Mail Armor
60:06 Treadmill Crane
60:12 Arrowslits
62:39 Blast Furnace
Connection lost

Rejoining the realm…

Still unreachable

The connection could not be restored.

Session expired

The server has moved on; the page needs a fresh start.